 Dungeon Sprint DCSS version 0.28-a0-1447-ga5a8893891 (webtiles) character file.

Game seed: 6507316092225522681

968 tatocazan the Basher (level 8, -1/56 HPs)
             Began as a Gargoyle Fighter on Jan 11, 2022.
             Was a Priest of Okawaru.
             Slain by a tengu warrior (2 damage)
             ... in the Dungeon (Sprint IX: "|||||||||||||||||||||||||||||").
             The game lasted 00:02:27 (437 turns).

tatocazan the Basher (Gargoyle Fighter)              Turns: 437, Time: 00:02:27

Health: -1/56      AC: 21    Str: 24    XL:     8   Next: 15%
Magic:  11/11      EV:  9    Int: 10    God:    Okawaru [***...]
Gold:   0          SH:  6    Dex:  9    Spells: 7/7 levels left

rFire   . . .      SeeInvis .   d - +0 morningstar
rCold   . . .      Faith    .   c - +0 buckler
rNeg    + . .      Spirit   .   o - +0 plate armour
rPois   ∞          Reflect  .   (no helmet)
rElec   +          Harm     .   (no cloak)
rCorr   .          Rampage  .   (no gloves)
Will    .....      NoTele   +   n - +0 pair of boots
Stlth   ..........              (no amulet)
HPRegen 0.18/turn               p - +3 ring of strength
MPRegen 0.12/turn               q - +2 ring of evasion

@: no status effects
A: sickness immunity, AC +5, negative energy resistance 1, electricity
resistance, torment resistance 1, petrification resistance
a: Renounce Religion, Heroism


You were in the Dungeon.
You worshipped Okawaru.
Okawaru was most pleased with you.
You visited 1 branch

Inventory:

Hand Weapons
 a - a +0 flail
 d - a +0 morningstar (weapon)
 m - a +2 vorpal dire flail
Armour
 b - a +0 scale mail
 c - a +0 buckler (worn)
 n - a +0 pair of boots (worn)
 o - a +0 plate armour (worn)
Jewellery
 p - a +3 ring of strength (left hand)
 q - a +2 ring of evasion (right hand)
Wands
 l - a wand of iceblast (8)
Scrolls
 j - 2 scrolls of blinking
 k - 2 scrolls of amnesia
Potions
 e - a potion of curing
 h - 4 potions of magic


   Skills:
 + Level 9.3 Fighting
 * Level 9.8 Maces & Flails
 + Level 9.4 Armour
 + Level 9.3 Shields
 + Level 5.3 Invocations


You had 7 spell levels left.
You didn't know any spells.
Your spell library was empty.

Dungeon Overview and Level Annotations

Branches:
Dungeon (1/1)

Altars:
Cheibriados
Dithmenos
Elyvilon
Fedhas
Gozag
Hepliaklqana
Kikubaaqudgha
Makhleb
Nemelex Xobeh
Okawaru
Qazlal
Ru
Sif Muna
Trog
Uskayaw
Vehumet
Wu Jian
Xom
Yredelemnul
Zin
The Shining One
Beogh
Jiyva
Lugonu


Innate Abilities, Weirdness & Mutations

You are immune to sickness and miasma.
Your stone body is resilient. (AC +5)
You are immune to poison.
You resist negative energy. (rN+)
You are resistant to electric shocks. (rElec)
You are resistant to unholy torment.
You are immune to petrification.


Message History

The tengu warrior claws you.
* * * LOW HITPOINT WARNING * * *
There is an open door to the Dungeon here.
You take 6 damage, and have 4/56 hp.
You feel better.
You regained 6 hp, and now have 10/56 hp.
You feel better.
The tengu warrior hits you with a +3 vorpal great sword.
* * * LOW HITPOINT WARNING * * *
x2 You block the tengu warrior's attack.
The tengu warrior barely misses you.
You regained 4 hp, and now have 14/56 hp.
You feel better.
The tengu warrior hits you with a +3 vorpal great sword.
* * * LOW HITPOINT WARNING * * *
x2 The tengu warrior pecks you but does no damage.
The tengu warrior claws you but does no damage.
You feel better. You block the tengu warrior's attack.
The tengu warrior pecks you but does no damage.
The tengu warrior claws you.
You regained 5 hp, and now have 19/56 hp.
You closely miss the tengu warrior.
The tengu warrior is lightly wounded.
The tengu warrior hits you with a +3 vorpal great sword.
* * * LOW HITPOINT WARNING * * *
x2 The tengu warrior barely misses you.
You block the tengu warrior's attack.
The tengu warrior hits you with a +3 vorpal great sword!
* * * LOW HITPOINT WARNING * * *
x2 The tengu warrior pecks you but does no damage.
The tengu warrior claws you but does no damage.
You take 14 damage, and have 5/56 hp.
MASSIVE DAMAGE!!
You miss the tengu warrior.
The tengu warrior is lightly wounded.
The tengu warrior hits you but does no damage.
The tengu warrior pecks you but does no damage.
The tengu warrior claws you but does no damage.
You miss the tengu warrior.
The tengu warrior is lightly wounded.
The tengu warrior hits you with a +3 vorpal great sword.
* * * LOW HITPOINT WARNING * * *
You die...

▓.▓
▓.▓
▓)▓
▓.▓
▓.▓
▓.▓
▓V▓
▓Q▓
▓@▓
▓.▓
▓.▓
▓.▓
▓<▓
▓▓▓


You could see a tengu warrior and a vampire.

Vanquished Creatures
  A centaur warrior (D)
  An unseen horror (D)
  A troll (D)
  A necrophage (D)
  A centaur (D)
  A wight (D)
  A howler monkey (D)
  A hound (D)
  A jelly (D)
  An adder skeleton (D)
  An orc (D)
  A bat (D)
  A hobgoblin (D)
  A ball python (D)
  A ball python zombie (D)
  2 rats (D)
17 creatures vanquished.

Vanquished Creatures (others)
  A manticore (D)
  An unseen horror (D)
2 creatures vanquished.

Grand Total: 19 creatures vanquished

Notes
Turn   | Place    | Note
-------+----------+-------------------------------------------
     0 | D        | tatocazan the Gargoyle Fighter began the quest for the Orb.
     0 | D        | Reached XP level 1. HP: 14/14 MP: 1/1
    21 | D        | Noticed a necrophage
    21 | D        | Noticed a hound
    21 | D        | Noticed a jelly
    25 | D        | Reached XP level 2. HP: 20/20 MP: 2/2
    28 | D        | Reached XP level 3. HP: 25/25 MP: 3/3
    30 | D        | Reached skill level 5 in Fighting
    30 | D        | Reached skill level 5 in Armour
    30 | D        | Reached skill level 5 in Shields
    30 | D        | Reached XP level 4. HP: 31/31 MP: 4/4
    35 | D        | Killed a necrophage
    36 | D        | Reached skill level 5 in Maces & Flails
    36 | D        | Reached XP level 5. HP: 37/37 MP: 5/5
    70 | D        | Found a snail-covered altar of Cheibriados.
    70 | D        | Found a shadowy altar of Dithmenos.
    70 | D        | Found a white marble altar of Elyvilon.
    70 | D        | Found a blossoming altar of Fedhas.
    70 | D        | Found an opulent altar of Gozag.
    71 | D        | Found a hazy altar of Hepliaklqana.
    72 | D        | Found a viscous altar of Jiyva.
    73 | D        | Found an ancient bone altar of Kikubaaqudgha.
    74 | D        | Found a corrupted altar of Lugonu.
    75 | D        | Found a burning altar of Makhleb.
    76 | D        | Found a sparkling altar of Nemelex Xobeh.
    77 | D        | Found an iron altar of Okawaru.
    78 | D        | Found a stormy altar of Qazlal.
    79 | D        | Found a sacrificial altar of Ru.
    80 | D        | Found a shimmering blue altar of Sif Muna.
    81 | D        | Found a bloodstained altar of Trog.
    82 | D        | Found a hide-covered altar of Uskayaw.
    83 | D        | Found a radiant altar of Vehumet.
    84 | D        | Found an ornate altar of the Wu Jian Council.
    85 | D        | Became a worshipper of Warmaster Okawaru
    86 | D        | Found a shimmering altar of Xom.
    87 | D        | Found a basalt altar of Yredelemnul.
    88 | D        | Found a glowing silver altar of Zin.
    89 | D        | Found a glowing golden altar of the Shining One.
   133 | D        | Noticed a troll
   133 | D        | Noticed a centaur
   147 | D        | Killed a centaur
   148 | D        | Reached XP level 6. HP: 31/44 MP: 6/6
   158 | D        | Reached skill level 1 in Invocations
   164 | D        | Killed an unseen horror
   164 | D        | Reached * piety under Okawaru
   165 | D        | Reached XP level 7. HP: 27/50 MP: 6/9
   171 | D        | Killed a troll
   178 | D        | Reached ** piety under Okawaru
   346 | D        | Noticed a slime creature
   346 | D        | Noticed a vampire
   346 | D        | Noticed a tengu warrior
   346 | D        | Noticed a centaur warrior
   346 | D        | Noticed a manticore
   352 | D        | Killed a manticore
   354 | D        | Killed an unseen horror
   362 | D        | Killed a centaur warrior
   362 | D        | Reached *** piety under Okawaru
   363 | D        | Reached skill level 5 in Invocations
   363 | D        | Reached XP level 8. HP: 20/56 MP: 11/11
   437 | D        | HP: 1/56 [tengu warrior (4)]
   437 | D        | Slain by a tengu warrior

Illustrated notes

Levels and vault maps discovered:
D:        linesprint [early_d, line_temple, items_1, d_10, items_2, lair_1,
          lair_end, items_3, orc_1, orc_end, items_4, d_15, swamp_1, shoals_1,
          snake_1, spider_1, d_20, vaults_1, items_5, swamp_end, shoals_end,
          snake_end, spider_end, vaults_end, d_27, items_6, zot_1, zot_end,
          crypt_end, forest_end, elf_end, slime_end, tomb_end, abyss_end,
          pan_hell_end]

Skill      XL: |  1  2  3  4  5  6  7 |
---------------+----------------------+-----
Fighting       | 4 5 6 7 8 9 |  9.3
Maces & Flails | 3 4 5 6 8 9 |  9.8
Armour         | 4 5 6 7 8 9 |  9.4
Shields        | 4 5 6 7 8 9 |  9.3
Invocations    | 3 5 |  5.3

Action                   |  1- 3 |  4- 6 |  7- 9 || total
-------------------------+-------+-------+-------++-------
Melee: Flail             |    18 |    37 |    14 ||    69
       Morningstar       |       |       |     8 ||     8
Evoke: Wand              |       |       |     2 ||     2
  Use: Potion            |     1 |     2 |     8 ||    11
Armor: Scale mail        |     5 |     2 |       ||     7
       Plate armour      |       |    38 |    27 ||    65
Dodge: Dodged            |     9 |    12 |    14 ||    35
Block: Buckler           |     3 |    10 |    11 ||    24

Table legend: (Time is in decaauts)
 A = Elapsed time spent in this place.
 B = Non-inter-level travel time spent in this place.
 C = Inter-level travel time spent in this place.
 D = Time resting spent in this place.
 E = Time spent auto-exploring this place.
 F = Levels seen in this place.
 G = Mean time per level.
                   A        B        C        D        E       F      G
               +--------+--------+--------+--------+--------+-----+--------+
         Total |    441 |    441 |      0 |    194 |     24 |   1 |  441.0 |
       Dungeon |    441 |    441 |      0 |    194 |     24 |   1 |  441.0 |
               +--------+--------+--------+--------+--------+-----+--------+

Top non-repeatable levels by time:
       D: 441 daAuts
